 Dungeon Crawl Stone Soup version 0.24-a0-355-gbe4061de67 (webtiles) character file.

Game seed: 17190380561712562776

532 Gumption the Firebug (level 7, 0/51 HPs)
             Began as a Red Draconian Fire Elementalist on May 24, 2019.
             Was an Initiate of Vehumet.
             Slain by a gnoll
             ... wielding a +0 spear
              (5 damage)
             ... on level 5 of the Dungeon.
             The game lasted 00:44:34 (5159 turns).

Gumption the Firebug (DrFE)                         Turns: 5159, Time: 00:44:35

Health: 0/51       AC: -6    Str: 11    XL:     7   Next: 3%
Magic:  10/12      EV: 12    Int: 17    God:    Vehumet [......]
Gold:   157        SH:  0    Dex: 11    Spells: 4/12 levels left

rFire    + + .     SeeInvis +   a - +1 trident (flame)
rCold    . . .     Gourm    .   (no shield)
rNeg     . . .     Faith    .   (armour unavailable)
rPois    .         Spirit   .   F - +0 hat
rElec    .         Reflect  .   (no cloak)
rCorr    .         Harm     .   (no gloves)
MR       .....                  (no boots)
Stlth    ++........             (no amulet)
HPRegen  0.17/turn              g - ring of protection from fire
MPRegen  0.13/turn              n - ring of see invisible

@: corroded, studying Slings
A: breathe fire, unfitting armour, fire resistance 1, cold-blooded, AC +6
a: Breathe Fire, Renounce Religion


You were on level 5 of the Dungeon.
You worshipped Vehumet.
Vehumet was noncommittal.
You were not hungry.

You visited 2 branches of the dungeon, and saw 6 of its levels.

You collected 157 gold pieces.

Inventory:

Hand Weapons
 a - a +1 trident of flaming (weapon)
 b - a +0 hunting sling
Missiles
 h - 26 sling bullets
 i - 3 atropa-tipped darts (quivered)
 p - 160 stones
 x - 3 boomerangs
 z - 2 poisoned darts
Armour
 B - a +0 hat
 F - a +0 hat (worn)
Magical Staves
 w - an uncursed staff of fire
Jewellery
 g - a ring of protection from fire (left hand)
 n - a ring of see invisible (right hand)
 q - a +2 ring of dexterity {unknown}
 t - an uncursed ring of positive energy
 u - a +6 ring of dexterity {unknown}
Wands
 D - a wand of disintegration (13)
Scrolls
 c - a scroll of immolation {unknown}
 f - 5 scrolls of remove curse
 j - 4 scrolls of identify
 l - 3 scrolls of teleportation {unknown}
 o - 2 scrolls of fog {unknown}
 v - a scroll of enchant weapon {unknown}
 y - 2 scrolls of enchant armour {unknown}
 A - a scroll of blinking {unknown}
Potions
 d - 2 potions of brilliance
 k - a potion of lignification
 m - a potion of berserk rage
 r - 2 potions of heal wounds
 s - 2 potions of curing {unknown}
 C - a potion of ambrosia {unknown}
Books
 E - a manual of Slings
Comestibles
 e - 10 rations
 G - 2 chunks of flesh


   Skills:
 + Level 0.6 Fighting
 * Level 1.4 Slings
 - Level 1.7 Dodging
 - Level 1.7 Stealth
 + Level 3.4 Spellcasting
 * Level 4.6 Conjurations
 * Level 6.5 Fire Magic


You had 4 spell levels left.
You knew the following spells:

 Your Spells              Type           Power        Failure   Level  Hunger
a - Flame Tongue          Conj/Fire      ###..        1%          1    None
c - Conjure Flame         Conj/Fire      ###.....     4%          3    ###....
s - Sticky Flame          Conj/Fire      ###.....     17%         4    ####...

Your spell library contained the following spells:

 Spells                   Type           Power        Failure   Level  Hunger
 Throw Flame              Conj/Fire      ###...       2%          2    ##.....
 Inner Flame              Hex/Fire       ##......     13%         3    ###....
 Fireball                 Conj/Fire      ###.......   43%         5    ######.


Dungeon Overview and Level Annotations

Branches:
Dungeon (5/15)             Temple (1/1) D:4

Altars:
Ashenzari
Dithmenos
Elyvilon
Gozag
Hepliaklqana
Makhleb
Qazlal
Ru
Sif Muna
Trog
Uskayaw
Vehumet
Wu Jian
Xom
Zin
The Shining One

Shops:
D:5 (


Innate Abilities, Weirdness & Mutations

You can breathe blasts of fire.
Your fiery red scales are hard. (AC +6)
You cannot fit into any form of body armour.
Your flesh is heat resistant. (rF+)
You are cold-blooded and may be slowed by cold attacks.


Message History

Casting: Flame Tongue (safe; 2% risk of failure)
Confirm with . or Enter, or press ? or * to list all spells.
Aiming: Flame Tongue (safe; 2% risk of failure)
Press: ? - help, Shift-Dir - straight line, f/p - jelly
Aim: a jelly (almost dead)
The flame tongue hits the jelly!
You kill the jelly!
Vehumet accepts your kill.
You have reached level 7!
Your scales start taking on a fiery red colour.
You learn Fire Magic much quicker.
Your Fire Magic skill increases to level 6!
You learn Ice Magic much slower.
You can breathe blasts of fire.
You feel resistant to heat.
An orc comes into view. It is wielding a +0 whip.
The gnoll hits you from afar with a +0 spear!
* * * LOW HITPOINT WARNING * * *
The orc shouts!
The gnoll hits you from afar with a +0 spear.
You die...

##>.#.......#..##
#..##........ ..#
#.(##.........###
##.(###....#..#
##..##....#..#
##(##.......#
#.###.....##
#...#.#...#
###@)....##.#
###g#.....$
#...o.###.
#.......#
#......o...###
#..)....o.....###
#...........o....#
#...............>#
#................#


You could see a gnoll and 3 orcs.

Vanquished Creatures
  An ogre (D:4)
  A centaur (D:5)
  A gnoll shaman (D:4)
  A jelly (D:5)
  2 orc priests (D:3)
  2 hounds (D:4)
  2 orc wizards (D:4)
  4 adders
  An ooze (D:1)
  An adder skeleton (D:5)
  An adder zombie (D:4)
  4 worms
  A dart slug (D:2)
  3 leopard geckos
  6 orcs
  3 ball pythons
  6 bats
  A giant cockroach (D:5)
  9 hobgoblins
  4 jackals (D:1)
  5 kobolds
  A quokka (D:3)
  6 frilled lizards
  3 goblins
  A leopard gecko skeleton (D:4)
  A quokka skeleton (D:4)
  6 rats
77 creatures vanquished.

Notes
Turn   | Place    | Note
-------+----------+-------------------------------------------
     0 | D:1      | Gumption the Draconian Fire Elementalist began the quest
                  | for the Orb.
     0 | D:1      | Reached XP level 1. HP: 14/14 MP: 3/3
   845 | D:1      | Reached XP level 2. HP: 19/20 MP: 0/5
  1313 | D:2      | Noticed a +0 hand axe
  1313 | D:2      | Noticed a +0 dagger
  1317 | D:2      | Found a hide-covered altar of Uskayaw.
  1772 | D:2      | Found a shattered altar of Ashenzari.
  1898 | D:2      | Reached XP level 3. HP: 26/26 MP: 6/6
  1966 | D:2      | Found a glowing golden altar of the Shining One.
  2086 | D:2      | Found an opulent altar of Gozag.
  2086 | D:2      | Found an ornate altar of the Wu Jian Council.
  2091 | D:2      | Found a faded altar of an unknown god.
  2093 | D:2      | Found a hazy altar of Hepliaklqana.
  2094 | D:2      | Found a faded altar of an unknown god.
  2605 | D:3      | Learned a level 3 spell: Conjure Flame
  2930 | D:3      | Reached XP level 4. HP: 23/33 MP: 3/7
  2945 | D:3      | Reached skill level 4 in Fire Magic
  3333 | D:3      | Reached XP level 5. HP: 36/38 MP: 9/9
  3754 | D:4      | Learned a level 4 spell: Sticky Flame
  3857 | D:4      | Found a staircase to the Ecumenical Temple.
  3889 | Temple   | Entered the Ecumenical Temple
  4178 | Temple   | Became a worshipper of Vehumet
  4350 | D:4      | Reached XP level 6. HP: 42/45 MP: 4/10
  4525 | D:4      | Reached skill level 5 in Fire Magic
  4872 | D:5      | Entered Level 5 of the Dungeon
  4872 | D:5      | Found Racaottu's Antique Weapon Shop.
  4944 | D:5      | Reached skill level 1 in Slings
  5158 | D:5      | Your scales start taking on a fiery red colour.
  5158 | D:5      | Reached skill level 6 in Fire Magic
  5158 | D:5      | Reached XP level 7. HP: 14/51 MP: 10/12
  5158 | D:5      | Gained mutation: Your flesh is heat resistant. (rF+) [Red
                  | Draconian growth]
  5159 | D:5      | Slain by a gnoll

Levels and vault maps discovered:
D:1:      scummos_arrival_star, layout_basic, minivault_23
D:2:      layout_rooms, old_standard_altar, tso_altar,
          chequers_temple_overflow_minitemple, dancing_weapons_uskayaw,
          serial_glass, glass_columns_a, glass_columns_a, glass_columns_a,
          glass_columns_a, glass_columns_b, glass_columns_a, glass_columns_b,
          glass_columns_b
D:3:      layout_basic
D:4:      layout_cave_pools, minmay_temple_entry_waves, first_ration,
          minmay_manual_mail
D:5:      minmay_skewed_foursquare, layout_rooms, gammafunk_ghost_stat_death,
          basic_altar, serial_shops, nicolae_shop_trees
Temple:   cyrus_temple_forest

Skill      XL: |  1  2  3  4  5  6 |
---------------+-------------------+-----
Conjurations   | 2 3 4 |  4.6
Fire Magic     | 4 6 |  6.5
Spellcasting   | 3 |  3.4
Slings         | 1 |  1.4
Fighting       | |  0.6
Dodging        | |  1.7
Stealth        | |  1.7

Action                   |  1- 3 |  4- 6 |  7- 9 || total
-------------------------+-------+-------+-------++-------
Melee: Dagger            |    24 |    16 |       ||    40
       Tailslap          |     1 |     6 |       ||     7
       Trident           |       |    43 |       ||    43
       Rapier            |       |     3 |       ||     3
 Fire: Hunting sling     |    53 |    57 |       ||   110
Throw: Stone             |    26 |       |       ||    26
       Dart              |     1 |     1 |       ||     2
 Cast: Flame Tongue      |    57 |    30 |     1 ||    88
       Sticky Flame      |       |     3 |       ||     3
  Use: Scroll            |     4 |       |       ||     4
       Potion            |       |     1 |       ||     1
 Stab: Sleeping          |     1 |       |       ||     1
  Eat: Chunk             |     7 |     8 |       ||    15
Armor: Skin              |    25 |    22 |       ||    47
Dodge: Dodged            |    53 |    48 |       ||   101

Table legend:
 A = Non-vault XP
 B = Vault XP
 C = Vault XP percentage of total XP
 D = Non-vault monster count
 E = Vault monster count
 F = Vault count percentage of total count
                 A         B        C        D         E       F
            +---------+---------+-------+---------+---------+-------
      Total |     711 |      49 |   6.4 |      73 |       4 |   5.2
            +---------+---------+-------+---------+---------+-------
        D:1 |      29 |       0 |   0.0 |      13 |       0 |   0.0
        D:2 |      43 |       0 |   0.0 |      16 |       0 |   0.0
        D:3 |     149 |       0 |   0.0 |      23 |       0 |   0.0
        D:4 |     320 |      49 |  13.3 |      16 |       4 |  20.0
        D:5 |     170 |       0 |   0.0 |       5 |       0 |   0.0
            +---------+---------+-------+---------+---------+-------
